 Dungeon Crawl Stone Soup version 0.31.0-12-g77e489cdc1 (webtiles) character file.

Game seed: 3096276081000030864

5497 Gadfly the Basher (level 10, -6/106 HPs)
             Began as an Oni Berserker on Feb 27, 2024.
             Was an Elder of Trog.
             Mangled by a vampire (12 damage)
             ... on level 9 of the Dungeon.
             The game lasted 00:16:46 (8975 turns).

Gadfly the Basher (Oni Berserker)                   Turns: 8975, Time: 00:16:46

Health: -6/106     AC:  8    Str: 25    XL:     10   Next: 70%
Magic:  10/10      EV: 10    Int:  8    God:    Trog [****..]
Gold:   1152       SH:  0    Dex: 10    Spells: 9/9 levels left

rFire   + . .        b - +5 quarterstaff (chaos)
rCold   . . .        (shield currently unavailable)
rNeg    . . .        k - +2 robe {rF+}
rPois   .            (helmet restricted)
rElec   .            d - +1 cloak
rCorr   .            (gloves unavailable)
SInv    .            (boots unavailable)
Will    +....        (no amulet)
Stlth   +            (no ring)
HPRegen 0.37/turn    (no ring)
MPRegen 0.12/turn

%: no passive effects
@: no status effects
A: large, unfitting armour, horns 1, tough skin 1, double potion healing,
drunken brawling
a: Renounce Religion, Berserk, Trog's Hand, Brothers in Arms


You were on level 9 of the Dungeon.
You worshipped Trog.
Trog was greatly pleased with you.
You visited 2 branches of the dungeon, and saw 10 of its levels.
You also visited: Ossuary.

You collected 1269 gold pieces.
You spent 117 gold pieces at shops.

Inventory:

Hand Weapons
 a - a +2 mace of protection
 b - a +5 quarterstaff of chaos (weapon)
 m - a +3 falchion of freezing
 v - a +3 hand axe
 w - a +0 dire flail
Armour
 d - a +1 cloak (worn)
 k - a +2 robe of fire resistance (worn)
Wands
 g - a wand of paralysis (8)
 p - a wand of mindburst (11) (quivered)
 s - a wand of iceblast (9)
 t - a wand of flame (27)
Scrolls
 i - 3 scrolls of fog
 j - 2 scrolls of vulnerability
 n - 3 scrolls of identify
 o - a scroll of blinking
 q - a scroll of butterflies
Potions
 c - 9 potions of curing
 e - 2 potions of haste
 f - 2 potions of heal wounds
 h - 2 potions of lignification
 l - a potion of attraction
 r - a potion of enlightenment
 u - a potion of mutation


   Skills:
 + Level 8.9 Fighting
 * Level 9.0 Maces & Flails
 * Level 7.5 Armour
 - Level 2.6 Dodging
 * Level 6.8 Evocations


You had 9 spell levels left.
You didn't know any spells.
Your spell library was empty.

Dungeon Overview and Level Annotations

Branches:
Dungeon (9/15)             Temple (1/1) D:4         Ossuary (visited)
   Lair: D:8-11         Orc: D:9-12

Altars:
Cheibriados
Dithmenos
Elyvilon
Fedhas
Hepliaklqana
Kikubaaqudgha
Nemelex Xobeh
Okawaru
Qazlal
Ru
Uskayaw
Vehumet
Wu Jian
Xom
Yredelemnul
Zin
The Shining One

Shops:
D:5 (   D:7 !


Innate Abilities, Weirdness & Mutations

You are too large for most types of armour.
You have a pair of small horns on your head.
You have tough skin. (AC +1)
You gain doubled healing and magic from potions.
Whenever you drink a healing potion, you attack all around you.


Message History

The vampire mumbles some strange words.
The vampire flickers and vanishes!
Deactivating autopickup; reactivate with Ctrl-A.
You sock something! Your headbutt misses something.
Something hits you but does no damage. Something bites you!
Something draws strength from your injuries!
You barely miss the wight. Your headbutt misses the wight.
Something hits you but does no damage. Something bites you but does no damage.
The wight hits you with a +5 flail!
You closely miss the wight. Something hits you but does no damage.
Something bites you but does no damage. The wight closely misses you.
You barely miss the wight. The wight hits you with a +5 flail!
Something draws life force from you!
You barely miss the wight. Something hits you but does no damage.
Something bites you but does no damage. The wight hits you with a +5 flail!
You are too injured to fight recklessly!
You are too injured to fight recklessly!
You are too injured to fight recklessly!
You closely miss something. Your headbutt misses something. Something hits you!
Something bites you but does no damage.
You barely miss something. Something hits you but does no damage.
Something bites you!
Something draws strength from your injuries!
You hit something but do no damage. Something hits you but does no damage.
Something completely misses you.
You completely miss something. Something hits you!
* * * LOW HITPOINT WARNING * * *
Something bites you.
* * * LOW HITPOINT WARNING * * *
Something draws strength from your injuries!
You hit something but do no damage. You headbutt something! Something hits you!
* * * LOW HITPOINT WARNING * * *
Something bites you.
* * * LOW HITPOINT WARNING * * *
Something draws strength from your injuries!
You hit something but do no damage. Your headbutt misses something.
Something hits you.
* * * LOW HITPOINT WARNING * * *
Something bites you!
You die...

## #####≈ ... §##
####§§≈≈ ##
...##≈###≈§≈≈####≈#
....#≈§§≈≈####z{@.#
#..≈#######....#..#
#.....##.......##.#
##................#
§#....#.......#'#'#
#...##..#.####...#
###..).#### ...#
###### .### .#


You could see a wight.

Vanquished Creatures
  3 centaur zombies (D:9)
  5 yaks (D:8)
  2 fire bats (D:9)
  A steam dragon (D:6)
  An acid dragon (D:9)
  3 water moccasins
  An ice beast (D:6)
  4 orc warriors
  A black bear (D:6)
  A sky beast (D:7)
  An ogre (D:6)
  4 centaurs
  A phantom (D:5)
  Blork the orc (D:4)
  A scorpion (D:7)
  2 bullfrogs
  A gnoll sergeant (D:5)
  A burial acolyte (Ossuary)
  4 wights
  3 howler monkeys
  2 bombardier beetles
  A hound (D:7)
  2 jellies
  Crazy Yiuf (D:2)
  2 orc priests
  A sleepcap (D:7)
  2 iguanas
  Natasha (thrice) (D:4)
  8 orc wizards
  2 hound zombies (D:4)
  A hound skeleton (D:4)
  A mummy (Ossuary)
  12 gnolls
  5 adders
  A shadow imp (D:8)
  2 white imps
  2 adder zombies (D:4)
  3 adder skeletons (D:4)
  4 dart slugs
  3 ribbon worms
  32 orcs
  An endoplasm (D:2)
  4 giant cockroaches
  10 goblins
  4 hobgoblins
  2 quokkas (D:1)
  9 ball pythons
  4 bats
  3 frilled lizards
  4 gnoll skeletons (Ossuary)
  10 kobolds
  6 kobold skeletons (Ossuary)
  10 orc skeletons (Ossuary)
  4 rats
202 creatures vanquished.

Vanquished Creatures (others)
  A yak (D:8)
  A jelly (D:6)
2 creatures vanquished.

Grand Total: 204 creatures vanquished

Notes
Turn   | Place    | Note
-------+----------+-------------------------------------------
     0 | D:1      | Gadfly the Oni Berserker began the quest for the Orb.
     0 | D:1      | Reached XP level 1. HP: 24/24 MP: 1/1
   210 | D:1      | Reached XP level 2. HP: 31/32 MP: 2/2
   713 | D:1      | Identified a scroll of acquirement
   713 | D:1      | Acquired 751 gold pieces
   805 | D:2      | Reached ** piety under Trog
   806 | D:2      | Reached XP level 3. HP: 39/39 MP: 3/3
   839 | D:2      | Reached skill level 1 in Armour
   869 | D:2      | Found a faded altar of an unknown god.
   948 | D:2      | Reached skill level 1 in Evocations
  1383 | D:2      | Found a runed translucent door.
  1384 | D:2      | Noticed Crazy Yiuf
  1605 | D:2      | Killed Crazy Yiuf
  1606 | D:2      | Reached XP level 4. HP: 46/49 MP: 4/4
  1837 | D:3      | Reached XP level 5. HP: 34/55 MP: 5/5
  2224 | D:3      | Reached skill level 4 in Maces & Flails
  2467 | D:4      | Found a sand-covered staircase.
  2479 | Ossuary  | Entered an ossuary
  2498 | Ossuary  | Reached *** piety under Trog
  2620 | Ossuary  | Reached skill level 5 in Fighting
  2620 | Ossuary  | Reached XP level 6. HP: 55/66 MP: 6/6
  2904 | D:4      | Found a basalt altar of Yredelemnul.
  2968 | D:4      | Noticed Blork the orc
  2981 | D:4      | Killed Blork the orc
  3181 | D:4      | Reached XP level 7. HP: 72/72 MP: 7/7
  3321 | D:4      | Noticed Natasha
  3329 | D:4      | Killed Natasha
  3357 | D:4      | Reached skill level 5 in Maces & Flails
  3419 | D:4      | Found a staircase to the Ecumenical Temple.
  3425 | Temple   | Entered the Ecumenical Temple
  3539 | D:4      | Reached **** piety under Trog
  3584 | D:4      | Found a glowing golden altar of the Shining One.
  3721 | D:5      | Entered Level 5 of the Dungeon
  3902 | D:4      | Noticed Natasha
  3910 | D:4      | Killed Natasha
  5036 | D:4      | Noticed Natasha
  5046 | D:4      | Killed Natasha
  5430 | D:4      | Reached XP level 8. HP: 30/83 MP: 8/8
  5769 | D:5      | Found Geyhumim's Weapon Emporium.
  5961 | D:6      | Reached skill level 6 in Maces & Flails
  6206 | D:6      | Found a hazy altar of Hepliaklqana.
  6457 | D:6      | Reached skill level 5 in Armour
  6712 | D:7      | Reached XP level 9. HP: 55/92 MP: 9/9
  6916 | D:7      | Reached skill level 7 in Maces & Flails
  6966 | D:7      | Reached skill level 5 in Evocations
  7186 | D:7      | Found Nyvie's Distillery.
  7202 | D:7      | Bought a potion of degeneration for 13 gold pieces
  7202 | D:7      | Bought a potion of mutation for 104 gold pieces
  7408 | D:7      | Found a hide-covered altar of Uskayaw.
  8074 | D:8      | Reached skill level 8 in Maces & Flails
  8079 | D:8      | Reached XP level 10. HP: 30/104 MP: 10/10
  8362 | D:8      | You fall into a shaft and drop 1 floor!
  8754 | D:9      | Reached skill level 9 in Maces & Flails
  8975 | D:9      | Mangled by a vampire

Illustrated notes

Levels and vault maps discovered:
D:1:      saegor_arrival_simple_e, layout_loops_ring,
          chequers_serial_rivers_micro_d
D:2:      layout_loops_ring, shapermc_ecumenical_altar_mp_ritualfount,
          uniq_crazy_yiuf_cottage
D:3:      layout_rooms, kennysheep_generic_room_12
D:4:      layout_loops_cross, mainiacjoe_overflow_small_starburst,
          tso_oasis_becter, minmay_temple_entry_nine_rooms,
          mainiacjoe_ossuary_entry_find_the_door, uniq_natasha,
          uniq_blork_the_orc
D:5:      layout_rooms, serial_shops, nicolae_shop_back_alley_shop
D:6:      layout_loops_cross, general_overflow_altar
D:7:      layout_rooms, mainiacjoe_overflow_tiny_flanked, serial_shops,
          nicolae_shop_tiny_statue_garden
D:8:      layout_loops_ring, lair_entry_dummy
D:9:      regret_index_infernal_bastille, layout_irregular_city,
          mainiacjoe_overflow_alcove_1, st_stairs_10
Temple:   nicolae_temple_bog_church

Skill      XL: |  1  2  3  4  5  6  7  8  9 10 |
---------------+-------------------------------+-----
Armour         | 1 2 3 4 5 6 7 |  7.5
Evocations     | 1 2 3 4 5 6 |  6.8
Maces & Flails | 4 5 6 8 9 |  9.0
Fighting       | 5 6 8 |  8.9
Dodging        | |  2.6

Action                     |  1- 3 |  4- 6 |  7- 9 | 10-12 || total
---------------------------+-------+-------+-------+-------++-------
  Melee: Mace              |    86 |       |       |    90 ||   176
         Headbutt          |    12 |    15 |    43 |    27 ||    97
         Quarterstaff      |       |   131 |   243 |    14 ||   388
         Punch             |       |       |       |     2 ||     2
 Invoke: Berserk           |     1 |       |       |     1 ||     2
  Evoke: Wand              |       |       |     2 |     2 ||     4
    Use: Scroll            |     7 |     6 |     4 |       ||    17
         Potion            |       |       |     3 |       ||     3
   Stab: Sleeping          |     1 |     1 |     1 |       ||     3
         Confused          |       |       |     2 |       ||     2
 Armour: Animal skin       |    55 |    94 |       |       ||   149
         Robe              |       |       |   229 |   150 ||   379
  Dodge: Dodged            |    49 |    51 |   138 |    63 ||   301
